 Dungeon Crawl Stone Soup version 0.28.0-45-g0d030f2227 (webtiles) character file.

Game seed: 6147504859051684865

35 Descartes the Grasshopper (level 3, -8/16 HPs)
             Began as a Felid Warper on Apr 7, 2022.
             Was an Initiate of Ashenzari.
             Mangled by a gnoll
             ... wielding a +0 flail
              (11 damage)
             ... on level 2 of the Dungeon.
             The game lasted 00:02:24 (1914 turns).

Descartes the Grasshopper (Felid Warper)            Turns: 1914, Time: 00:02:24

Health: -8/16      AC:  1    Str:  7    XL:     3   Next: 16%
Magic:  7/7        EV: 18    Int: 16    God:    Ashenzari [......]
Gold:   29         SH:  0    Dex: 15    Spells: 6/6 levels left
                                        Lives:  0   Deaths: 0

rFire   . . .      SeeInvis +     - Unarmed
rCold   . . .      Faith    .   (shield unavailable)
rNeg    . . .      Spirit   .   (armour unavailable)
rPois   .          Reflect  .   (helmet unavailable)
rElec   .          Harm     .   (cloak unavailable)
rCorr   .          Rampage  .   (gloves unavailable)
Will    .....                   (boots unavailable)
Stlth   ++........              (no amulet)
HPRegen 0.05/turn               (no ring)
MPRegen 0.10/turn               (no ring)

@: quick
A: very small, claws 1, fangs 3, see invisible, speed 1, shaggy fur 1, stealthy
paws, no weapons or thrown items, no armour, multi-lived
a: Renounce Religion, Curse Item


You were on level 2 of the Dungeon.
You worshipped Ashenzari.
Ashenzari was noncommittal.
You visited 1 branch of the dungeon, and saw 2 of its levels.

You collected 29 gold pieces.

Inventory:

Jewellery
 f - a ring of fire
Scrolls
 a - a scroll of blinking
 b - a scroll of enchant armour {unknown}
Potions
 c - a potion of flight {unknown}
 d - a potion of mutation {unknown}
 e - a potion of might {unknown}


   Skills:
 - Level 2.0 Fighting
 + Level 3.7 Dodging
 + Level 1.8 Stealth
 + Level 2.5 Unarmed Combat
 - Level 2.0 Spellcasting
 + Level 5.0 Translocations


You had 6 spell levels left.
You didn't know any spells.
Your spell library contained the following spells:

 Spells                   Type           Power      Damage    Failure   Level
 Blink                    Tloc           34%        N/A       4%          2
 Gell's Gravitas          Tloc           17%        N/A       8%          3
 Lesser Beckoning         Tloc           17%        N/A       8%          3
 Teleport Other           Tloc           17%        N/A       8%          3
 Manifold Assault         Tloc           17%        N/A       58%         5


Dungeon Overview and Level Annotations

Branches:
Dungeon (2/15)

Altars:
Ashenzari

Annotations:
D:2 Natasha


Innate Abilities, Weirdness & Mutations

You have sharp claws.
You have razor-sharp teeth.
You have supernaturally acute eyesight. (SInv)
You cover ground quickly. (Speed+)
You are covered in fur. (AC +1)
Your paws help you pounce on unaware monsters.
You are incapable of wielding weapons or throwing items.
You cannot wear armour.
You gain extra lives every three experience levels.


Message History

No target in view!
The kobold shouts!
You hear a shout! x2
The kobold throws a stone.
The stone completely misses you. The kobold hits you with a +0 whip.
You barely miss the kobold. The kobold hits you with a +0 whip.
You closely miss the kobold. You claw the kobold, but do no damage.
You bite the kobold, but do no damage. The kobold closely misses you.
You miss the kobold. You bite the kobold.
The kobold is heavily wounded.
The kobold completely misses you.
You scratch the kobold.
You kill the kobold!
The ball python closely misses you. x2
A gnoll comes into view. It is wielding a +0 flail.
You scratch the ball python but do no damage.
The ball python barely misses you. The ball python closely misses you.
You barely miss the ball python. The ball python completely misses you.
The ball python grabs you. The ball python constricts you.
A gnoll comes into view. It is wielding a +0 whip.
The ball python barely misses you. The ball python constricts you.
You closely miss the ball python. The ball python misses you.
The ball python constricts you.
A gnoll comes into view. It is wielding a +0 flail.
You are too injured to fight recklessly!
You are too injured to fight recklessly!
You are too injured to fight recklessly!
You are too injured to fight recklessly!
You are too injured to fight recklessly!
You are too injured to fight recklessly!
You are too injured to fight recklessly!
You are too injured to fight recklessly!
You are too injured to fight recklessly!
You are too injured to fight recklessly!
You escape the ball python's grasp.
The gnoll misses you.
You closely miss the gnoll. You bite the gnoll, but do no damage.
The gnoll hits you with a +0 flail.
* * * LOW HITPOINT WARNING * * *
You barely miss the gnoll. The gnoll hits you with a +0 flail!
Ouch! That really hurt!
You die...

#......###......#.#
##.....# ....[.#..#
########..##.#
.........## .#
########.### #
#...# ###.# #.# #@#
#g# #S# #g# #.# #.#
#.# #.# ## #.#


You could see 2 gnolls and a ball python.

Vanquished Creatures
  4 endoplasms
  A giant cockroach (D:1)
  6 hobgoblins (D:1)
  4 kobolds
  3 quokkas (D:1)
  4 ball pythons
  4 bats
  2 frilled lizards (D:1)
  3 rats (D:1)
31 creatures vanquished.

Notes
Turn   | Place    | Note
-------+----------+-------------------------------------------
     0 | D:1      | Descartes the Felid Warper began the quest for the Orb.
     0 | D:1      | Reached XP level 1. HP: 9/9 MP: 4/4
   230 | D:1      | Reached skill level 1 in Stealth
   232 | D:1      | Reached XP level 2. HP: 5/13 MP: 6/6
  1052 | D:1      | Found a faded altar of an unknown god.
  1082 | D:1      | Prayed at the altar of an unknown god.
  1082 | D:1      | Became a worshipper of Ashenzari the Shackled
  1378 | D:2      | Noticed Natasha
  1598 | D:2      | Reached XP level 3. HP: 8/16 MP: 7/7
  1762 | D:1      | Reached skill level 5 in Translocations
  1914 | D:2      | Mangled by a gnoll

Illustrated notes

Levels and vault maps discovered:
D:1:      shiori_arrival_maze, layout_rooms,
          hellmonk_ecumenical_altar_pennies_from_heaven, st_stairs_1
D:2:      layout_loops_ring, uniq_natasha

Skill      XL: |  1  2  3 |
---------------+----------+-----
Stealth        | 1 |  1.8
Translocations | 5 |  5.0
Fighting       | |  2.0
Dodging        | |  3.7
Unarmed Combat | |  2.5
Spellcasting   | |  2.0

Action                   || total
-------------------------++-------
Melee: Unarmed           ||   107
       Bite              ||     5
       Punch             ||     3
 Stab: Sleeping          ||     4
Armor: Skin              ||     4
Dodge: Dodged            ||   108
